AoeStats
← Clueless Clown

MegaRandom

505028063Analyzed
2v2 RM · 24d ago on Sep 7, 2026· 26m 58s· 4 players
Game mode
Random Map
Map size
Medium (4 player)
Population
200
Speed
Normal
Resources
Standard
Victory
Conquest
Starting age
Dark Age
Ending age
Imperial Age
RankedLock teamsTeams togetherTeam positionsShared explorationLock speedFull tech treeHidden civsTurbo modeCheats
Victory
Defeat
🇧🇷 Hindustanis · Brazil
1071
+15
🇺🇸 Jurchens · United States
1011
+17
🇮🇹 Romans · Italy
1050
-16
🇮🇪 Burmese · Ireland
1041
-16
[BEINT] SucaDuro
0:29 Loom
13:30 Feudal Age
14:11 Double-Bit Axe
17:00 Fishing Lines
20:08 Castle Age
17:53 Man-at-Arms
18:26 Gold Mining
18:40 Stone Mining
18:48 Horse Collar
21:06 Squires
21:36 Bow Saw
21:44 Long Swordsman
Thegreatnoticing
2:03 Loom
13:31 Feudal Age
18:05 Castle Age
16:32 Scale Barding Armor
16:44 Fishing Lines
17:28 Horse Collar
18:15 Forging
18:48 Bloodlines
Clueless Clown
7:52 Loom
10:32 Feudal Age
14:33 Castle Age
12:36 Scale Mail Armor
12:57 Double-Bit Axe
15:29 Squires
15:23 Gambesons
15:23 Arson
17:34 Arson
19:24 Gold Mining
23:12 Chain Mail Armor
23:43 Forging
24:48 Horse Collar
27:00 Bow Saw
marcelorq
1:51 Loom
13:47 Feudal Age
20:20 Castle Age
19:40 Double-Bit Axe
21:07 Gold Mining
21:08 Stone Mining
21:11 Horse Collar
23:34 Arson
23:49 Squires
Connection lost

Rejoining the realm…

Still unreachable

The connection could not be restored.

Session expired

The server has moved on; the page needs a fresh start.